 Dungeon Crawl Stone Soup version 0.23-a0-582-g1b4a0ca (webtiles) character file.

448 kr3s1m1r the Magician (level 6, -1/32 HPs)
             Began as a Deep Elf Wizard on Dec 16, 2018.
             Slain by a gnoll
             ... wielding a +0 flail
              (12 damage)
             ... on level 5 of the Dungeon.
             The game lasted 00:11:03 (5730 turns).

kr3s1m1r the Magician (Deep Elf Wizard)             Turns: 5730, Time: 00:11:04

Health: -1/32      AC:  4    Str:  8    XL:     6   Next: 73%
Magic:  9/17       EV: 28    Int: 25    God:
Gold:   229        SH:  0    Dex: 13    Spells: 7/18 levels left

rFire    . . .     SeeInvis .   b - +0 spear
rCold    . . .     Gourm    .   (no shield)
rNeg     . . .     Faith    .   h - +0 robe
rPois    .         Spirit   .   r - +1 helmet
rElec    .         Reflect  .   (no cloak)
rCorr    .         Harm     .   (no gloves)
MR       .....                  (no boots)
Stlth    ++........             v - amulet of the acrobat
HPRegen  0.10/turn              w - +4 ring of strength
MPRegen  0.15/turn              (no ring)

@: no status effects
A: no striking features
a: no special abilities


You were on level 5 of the Dungeon.
You were hungry.

You visited 1 branch of the dungeon, and saw 5 of its levels.

You collected 229 gold pieces.

Inventory:

Hand Weapons
 a - a +0 hunting sling
 b - a +0 spear (weapon)
Missiles
 j - 273 stones (quivered)
 s - 36 sling bullets
Armour
 h - a +0 robe (worn)
 r - a +1 helmet (worn)
Jewellery
 v - an amulet of the acrobat (around neck)
 w - a +4 ring of strength (left hand)
Wands
 x - a wand of paralysis (7)
Scrolls
 c - 2 scrolls of amnesia {unknown}
 e - a scroll of random uselessness {unknown}
 g - a scroll of teleportation
 k - 4 scrolls of remove curse
 n - 3 scrolls of enchant armour
 o - a scroll of magic mapping
 t - 6 scrolls of identify
 u - a scroll of fear {unknown}
Potions
 f - 2 potions of curing
 i - a potion of resistance {unknown}
 l - 2 potions of heal wounds {unknown}
 m - 2 potions of invisibility {unknown}
 p - 3 potions of ambrosia {unknown}
 q - a potion of brilliance {unknown}
 z - a potion of berserk rage {unknown}
Comestibles
 d - 7 rations
 A - 6 chunks of flesh


   Skills:
 - Level 2.4 Dodging
 - Level 2.4 Stealth
 + Level 6.9 Spellcasting
 * Level 6.3 Conjurations
 - Level 1.1 Summonings
 - Level 1.1 Translocations


You had 7 spell levels left.
You knew the following spells:

 Your Spells              Type           Power        Failure   Level  Hunger
q - Blink                 Tloc           N/A          6%          2    None
r - Conjure Flame         Conj/Fire      ###.....     5%          3    None
t - Mephitic Cloud        Conj/Pois/Air  ###.....     9%          3    None
u - Call Imp              Summ           ##......     6%          2    None
z - Magic Dart            Conj           ####         1%          1    None

Your spell library contained the following spells:

 Spells                   Type           Power        Failure   Level  Hunger
 Slow                     Hex            #.......     11%         2    None


Dungeon Overview and Level Annotations

Branches:
Dungeon (5/15)
 Temple: D:4-7

Altars:
Makhleb
Okawaru
Qazlal
Ru
Trog
Xom

Shops:
D:4 [


Message History

The magic dart hits the gnoll.
The gnoll is almost dead.
The gnoll closely misses you.
Casting: Magic Dart (safe; 1% risk of failure)
Confirm with . or Enter, or press ? or * to list all spells.
Aiming: Magic Dart (safe; 1% risk of failure)
Press: ? - help, Shift-Dir - straight line, f/p - gnoll
Aim: a gnoll, wielding a +0 flail (almost dead)
The magic dart hits the gnoll.
The gnoll is almost dead.
Casting: Magic Dart (safe; 1% risk of failure)
Confirm with . or Enter, or press ? or * to list all spells.
Aiming: Magic Dart (safe; 1% risk of failure)
Press: ? - help, Shift-Dir - straight line, f/p - gnoll
Aim: a gnoll, wielding a +0 flail (almost dead)
The magic dart hits the gnoll.
The gnoll is almost dead.
The gnoll hits you with a +0 flail! The gnoll hits you with a +0 flail!
You die...

#### ##..##### #..<##..##
## ### #..')...# ##.##..
#.)##g.###### ###
#......##..##@.##...##....
#.....>)...##'###)<.......
#...........#.............
#...........#...).........
#.........รท.#.............
##.##..#######.####.###.##
#.. ### .# # #... .. #...
..#


You could see a gnoll.

Vanquished Creatures
  4 orc priests
  A hound (D:5)
  Jessica (D:2)
  3 orc wizards
  A howler monkey skeleton (D:4)
  3 gnolls
  4 adders
  An adder skeleton (D:4)
  3 worms
  2 dart slugs (D:1)
  21 orcs
  A ball python (D:3)
  5 giant cockroaches
  8 goblins
  7 hobgoblins
  3 jackals (D:2)
  5 kobolds
  A quokka (D:3)
  12 bats
  4 frilled lizards
  A leopard gecko skeleton (D:4)
  9 rats
100 creatures vanquished.

Notes
Turn   | Place    | Note
-------+----------+-------------------------------------------
     0 | D:1      | kr3s1m1r the Deep Elf Wizard began the quest for the Orb.
     0 | D:1      | Reached XP level 1. HP: 10/10 MP: 7/7
   241 | D:1      | Reached XP level 2. HP: 15/15 MP: 4/9
   900 | D:1      | Reached XP level 3. HP: 19/19 MP: 7/11
  1233 | D:2      | Noticed Jessica
  1470 | D:1      | Learned a level 2 spell: Blink
  1473 | D:1      | Learned a level 2 spell: Call Imp
  1477 | D:1      | Learned a level 3 spell: Mephitic Cloud
  1481 | D:1      | Learned a level 3 spell: Conjure Flame
  1646 | D:2      | Found a burning altar of Makhleb.
  1671 | D:2      | Killed Jessica
  1671 | D:2      | Reached skill level 5 in Spellcasting
  1859 | D:2      | Found a sacrificial altar of Ru.
  1884 | D:2      | Reached XP level 4. HP: 22/24 MP: 4/13
  3083 | D:3      | Found a stormy altar of Qazlal.
  3180 | D:3      | Reached XP level 5. HP: 13/28 MP: 5/15
  3898 | D:4      | Found Ivuufeudax's Antique Armour Shoppe.
  4032 | D:4      | Reached skill level 5 in Conjurations
  4301 | D:4      | Reached XP level 6. HP: 32/32 MP: 7/17
  4598 | D:4      | Found an iron altar of Okawaru.
  4865 | D:4      | Found a shimmering altar of Xom.
  4972 | D:4      | Found a bloodstained altar of Trog.
  5077 | D:5      | Entered Level 5 of the Dungeon
  5730 | D:5      | Slain by a gnoll

Vault maps used:
D:1:      dpeg_arrival_tiny_c, hex_medium
D:2:      lemuel_coloured_pillars_altar, first_ration,
          nicolae_ru_great_annihilating_truth, uniq_jessica
D:3:      chequers_serial_rivers_micro_c, minmay_misc_feat_chi,
          grunt_qazlal_clouds
D:4:      overflow_temple_1_default, kennysheep_mini_moat, serial_shops, shop,
          tgw_xom
D:5:      lemuel_round_altar

Skill      XL: |  1  2  3  4  5  6 |
---------------+-------------------+-----
Conjurations   | 2 3 4 5 6 |  6.3
Spellcasting   | 5 6 |  6.9
Dodging        | |  2.4
Stealth        | |  2.4
Summonings     | |  1.1
Translocations | |  1.1

Action                   |  1- 3 |  4- 6 || total
-------------------------+-------+-------++-------
Melee: Spear             |       |    18 ||    18
 Fire: Hunting sling     |       |     4 ||     4
Throw: Stone             |       |     3 ||     3
 Cast: Magic Dart        |    70 |   177 ||   247
       Mephitic Cloud    |     1 |    12 ||    13
       Conjure Flame     |       |    11 ||    11
  Use: Scroll            |     6 |       ||     6
  Eat: Chunk             |     3 |    11 ||    14
Armor: Robe              |     1 |     9 ||    10
Dodge: Dodged            |     7 |    22 ||    29

Table legend:
 A = Non-vault XP
 B = Vault XP
 C = Vault XP percentage of total XP
 D = Non-vault monster count
 E = Vault monster count
 F = Vault count percentage of total count
                 A         B        C        D         E       F
            +---------+---------+-------+---------+---------+-------
      Total |     542 |      99 |  15.4 |      87 |      13 |  13.0
            +---------+---------+-------+---------+---------+-------
        D:1 |      42 |       0 |   0.0 |      24 |       0 |   0.0
        D:2 |      27 |      77 |  74.0 |      10 |       5 |  33.3
        D:3 |     116 |       0 |   0.0 |      29 |       0 |   0.0
        D:4 |     238 |      22 |   8.5 |      17 |       8 |  32.0
        D:5 |     119 |       0 |   0.0 |       7 |       0 |   0.0
            +---------+---------+-------+---------+---------+-------
